Map: 2000 Atmospheres LE

Players

HeroMarine - Winner!

  • Race: Terran Terran

ShoWTimE

  • Race: Protoss Protoss

Event: DreamHack SC2 Masters 2021 Fall

VOD

Have the link to the VOD?

Description

Time

  • Played on: Aug. 10, 2021, 12:46 p.m.
  • Length: 7:16

All games in this series

Show
View Real Time Build Order
Export as new Build Order

HeroMarine Terran - Winner!

Build Orders:  

Get SALT Encoding   

  12  0:00  SCV  
  13  0:12  SCV  
  14  0:17  Supply Depot  
  14  0:24  SCV  
  15  0:38  SCV  
  15  0:40  Barracks  
  16  0:43  Refinery  
  16  0:50  SCV  
  17  1:02  SCV  
  18  1:15  SCV  
  19  1:27  Marine, Orbital Command  
  20  1:45  Barracks Reactor, Command Center  
  20  1:50  Supply Depot  
  20  1:54  SCV  
  21  2:06  SCV  
  21  2:07  Factory  
  22  2:18  SCV  
  22  2:19  Refinery  
  22  2:22  Marine x2  
  25  2:30  SCV  
  26  2:39  Marine x2  
  26  2:42  SCV  
  29  2:50  Starport, Hellion  
  31  2:56  SCV  
  31  2:57  Orbital Command  
  32  2:58  Marine  
  32  3:00  Marine  
  34  3:08  SCV  
  34  3:12  Widow Mine  
  37  3:16  Marine  
  37  3:18  Marine  
  39  3:20  SCV  
  39  3:23  SCV  
  39  3:25  Supply Depot  
  39  3:27  Medivac  
  43  3:33  SCV, Widow Mine  
  46  3:40  Supply Depot  
  45  3:41  Marine  
  45  3:46  Marine, SCV  
  47  3:48  Barracks  
  47  3:49  SCV  
  48  3:58  SCV  
  48  4:00  Barracks  
  48  4:01  SCV  
  50  4:04  Marine x2  
  52  4:10  SCV  
  52  4:11  Factory Tech Lab  
  52  4:12  Supply Depot  
  52  4:13  SCV  
  54  4:18  Engineering Bay  
  54  4:22  SCV  
  55  4:24  Marine x2  
  55  4:25  SCV  
  55  4:31  Starport Tech Lab  
  58  4:35  SCV  
  58  4:38  SCV  
  60  4:40  Refinery  
  60  4:41  Stimpack  
  60  4:45  Terran Infantry Weapons Level 1  
  60  4:47  SCV, Factory Reactor  
  60  4:48  Marauder  
  60  4:49  Supply Depot  
  60  4:50  SCV  
  64  4:53  Combat Shield  
  64  4:56  Marauder  
  64  4:57  Marine  
  64  4:58  Marine  
  64  4:59  Starport Reactor  
  68  5:01  Supply Depot  
  68  5:03  SCV x2  
  69  5:14  Marauder  
  69  5:15  SCV x2  
  69  5:16  Marine x2  
  69  5:17  Marauder  
  73  5:27  SCV, Widow Mine x2  
  78  5:30  Refinery  
  78  5:31  SCV  
  78  5:32  Supply Depot x2  
  79  5:35  Medivac  
  79  5:36  Medivac  
  79  5:41  SCV  
  84  5:43  SCV  
  84  5:45  Supply Depot  
  84  5:49  Marine  
  86  5:53  Marine  
  86  5:54  Marauder x2  
  86  5:55  SCV x2  
  93  5:58  Supply Depot  
  93  6:03  Missile Turret  
  93  6:06  Missile Turret  
  93  6:07  Marine  
  93  6:09  Widow Mine x2  
  98  6:11  Marine  
  98  6:12  Medivac  
  98  6:15  Medivac  
  98  6:17  Concussive Shells  
  103  6:26  Marauder x2  
  103  6:27  Marine  
  103  6:29  Marine  
  109  6:38  Command Center  
  107  6:48  Marauder x2  
  107  6:53  SCV x2  
  109  6:55  Widow Mine  
Show
View Real Time Build Order
Export as new Build Order

ShoWTimE Protoss 

Build Orders: 1 Gate Expand, Oracle Opening 

Get SALT Encoding   

  12  0:00  Probe  
  13  0:12  Probe  
  14  0:16  Pylon  
  14  0:24  Probe  
  15  0:34  Gateway  
  15  0:36  Probe (Chrono Boost)  
  16  0:46  Assimilator, Probe (Chrono Boost)  
  17  0:51  Probe (Chrono Boost)  
  18  1:03  Probe  
  19  1:15  Probe  
  20  1:25  Nexus  
  20  1:32  Cybernetics Core  
  20  1:35  Probe  
  21  1:41  Assimilator  
  21  1:47  Probe  
  21  1:50  Pylon  
  22  1:59  Probe  
  23  2:05  Adept (Chrono Boost)  
  25  2:12  Probe  
  26  2:19  Stargate  
  26  2:24  Probe  
  26  2:26  Adept (Chrono Boost)  
  29  2:34  Warp Gate  
  29  2:36  Probe (Chrono Boost)  
  31  2:41  Probe (Chrono Boost)  
  31  2:46  Probe (Chrono Boost)  
  31  2:48  Adept  
  31  2:49  Probe (Chrono Boost)  
  31  2:51  Probe (Chrono Boost)  
  35  2:53  Pylon  
  36  3:00  Probe  
  36  3:02  Oracle (Chrono Boost)  
  36  3:03  Probe  
  41  3:12  Probe  
  42  3:15  Probe  
  42  3:18  Adept  
  45  3:24  Probe  
  46  3:27  Probe  
  46  3:31  Pylon  
  47  3:36  Probe  
  47  3:39  Oracle (Chrono Boost), Probe  
  52  3:49  Nexus  
  52  3:52  Probe x2  
  54  3:56  Gateway  
  54  4:00  Assimilator  
  54  4:02  Assimilator  
  54  4:04  Probe x2  
  54  4:08  Phoenix  
  58  4:15  Pylon  
  58  4:16  Probe  
  58  4:17  Probe  
  60  4:25  Robotics Facility  
  60  4:28  Probe  
  60  4:29  Pylon, Probe  
  62  4:37  Twilight Council  
  62  4:41  Probe x2  
  64  4:49  Gateway x2  
  64  4:52  Gateway  
  64  4:53  Probe  
  64  4:54  Probe  
  64  4:55  Sentry  
  68  5:04  Probe  
  68  5:05  Probe  
  68  5:06  Probe  
  71  5:10  Charge (Chrono Boost)  
  71  5:16  Probe  
  71  5:17  Probe  
  71  5:18  Probe  
  71  5:20  Observer  
  75  5:24  Shield Battery  
  75  5:25  Robotics Bay  
  75  5:26  Pylon  
  75  5:27  Zealot  
  77  5:28  Zealot, Probe  
  77  5:29  Probe  
  77  5:30  Probe  
  77  5:34  Phoenix  
  84  5:39  Pylon  
  84  5:41  Probe  
  85  5:46  Immortal (Chrono Boost)  
  85  5:47  Pylon  
  89  5:51  Zealot x2  
  89  5:55  Zealot  
  95  5:59  Phoenix  
  95  6:03  Pylon, Zealot x2  
  101  6:07  Pylon  
  101  6:17  Zealot x3  
  107  6:22  Pylon  
  107  6:23  Zealot x2  
  107  6:24  Phoenix (Chrono Boost)  
  113  6:26  Colossus (Chrono Boost)  
  119  6:37  Pylon  
  119  6:38  Zealot  
  119  6:39  Zealot x2  
  125  6:40  Phoenix (Chrono Boost)  
  127  6:53  Zealot x2  
  89  7:02  Zealot x3  

Tags
 
Add a new tag
Caveats
  • Supply blocks, unpowered buildings, or Contaminate may cause inaccurate times.
  • Supply counts are checked every 10 seconds.